AoeStats
← Nath

Fortress

509611315Analyzed
2v2 RM · 6d ago on Sep 27, 2026· 41m 25s· 4 players
Game mode
Random Map
Map size
Normal (6 player)
Population
200
Speed
Normal
Resources
Standard
Victory
Conquest
Starting age
Dark Age
Ending age
Imperial Age
RankedLock teamsTeams togetherTeam positionsShared explorationLock speedFull tech treeHidden civsTurbo modeCheats
Victory
Defeat
🇨🇳 Ethiopians · China
932
+14
🇬🇧 Vikings · United Kingdom
902
+15
🇨🇭 Danes · Switzerland
903
-15
🇨🇭 Romans · Switzerland
878
-14
OLIFANT
6:51 Feudal Age
7:38 Double-Bit Axe
7:35 Horse Collar
15:36 Castle Age
13:41 Stone Mining
14:12 Gold Mining
14:11 Man-at-Arms
14:38 Arson
17:11 Bow Saw
20:08 Gold Shaft Mining
19:39 Heavy Plow
25:23 Imperial Age
25:59 Scale Mail Armor
26:09 Forging
27:48 Conscription
26:58 Long Swordsman
27:39 Squires
28:24 Bogsveigar
27:55 Two-Handed Swordsman
29:23 Crop Rotation
29:48 Chain Mail Armor
30:09 Iron Casting
29:20 Crossbowman
31:08 Two-Man Saw
31:33 Champion
32:52 Elite Berserk
36:07 Plate Mail Armor
36:13 Iron Casting
hrxexe
5:05 Loom
8:22 Feudal Age
11:56 Castle Age
11:18 Double-Bit Axe
25:12 Imperial Age
23:11 Bow Saw
23:41 Stone Mining
23:43 Gold Mining
23:40 Horse Collar
23:51 Crossbowman
24:38 Thumb Ring
26:39 Conscription
26:06 Arbalester
27:07 Fletching
27:18 Padded Archer Armor
28:06 Gold Shaft Mining
28:17 Wheelbarrow
28:21 Stone Shaft Mining
28:59 Two-Man Saw
30:03 Chemistry
29:24 Ballistics
28:53 Halberdier
32:21 Torsion Engines
33:27 Leather Archer Armor
33:08 Bodkin Arrow
33:24 Forging
33:14 Scale Mail Armor
37:00 Bracer
37:31 Ring Archer Armor
37:37 Iron Casting
37:18 Chain Mail Armor
37:42 Husbandry
37:03 Light Cavalry
38:38 Hussar
Nath
9:53 Feudal Age
14:22 Castle Age
13:01 Man-at-Arms
14:01 Scale Mail Armor
14:11 Forging
14:47 Man-at-Arms
14:47 Pikeman
16:29 Long Swordsman
17:35 Chain Mail Armor
18:25 Double-Bit Axe
20:36 Gold Mining
21:34 Bow Saw
29:43 Imperial Age
30:32 Gold Shaft Mining
29:50 Stone Mining
29:51 Horse Collar
29:46 Capped Ram
32:51 Legionary
33:15 Heavy Scorpion
34:43 Iron Casting
36:22 Ballistics
Parrandista
8:56 Feudal Age
10:09 Horse Collar
10:16 Double-Bit Axe
10:26 Gold Mining
15:06 Castle Age
14:11 Padded Archer Armor
14:15 Scale Mail Armor
16:22 Bow Saw
16:16 Heavy Plow
20:31 Thumb Ring
21:03 Leather Archer Armor
21:04 Chain Mail Armor
21:54 Stone Mining
24:19 Wheelbarrow
28:51 Imperial Age
28:09 Hand Cart
28:14 Caravan
29:39 Gold Shaft Mining
30:06 Elite Jomsviking
31:41 Stone Shaft Mining
31:31 Ballistics
32:13 Chemistry
31:21 Cranequins
31:31 Capped Ram
33:02 Heavy Mounted Crossbowman
34:23 Ring Archer Armor
33:46 Fletching
39:06 Bodkin Arrow
Connection lost

Rejoining the realm…

Still unreachable

The connection could not be restored.

Session expired

The server has moved on; the page needs a fresh start.